 Dungeon Sprint DCSS version 0.31-a0-1-g4198be8af4 (webtiles) character file.

Game seed: 14909380925438095413

3145 fozzywoppz the Unseen (level 9, -7/81 HPs)
             Began as a Spriggan Enchanter on May 2, 2023.
             Was a High Priest of Sif Muna.
             Mangled by an orc
             ... wielding a +0 mace
              (8 damage)
             ... in the Dungeon (Sprint III: "The Ten Rune Challenge").
             The game lasted 00:09:38 (932 turns).

fozzywoppz the Unseen (Spriggan Enchanter)           Turns: 932, Time: 00:09:38

Health: -7/81      AC:  1    Str:  6    XL:     9   Next: 62%
Magic:  8/16       EV: 28    Int: 16    God:    Sif Muna [*****.]
Gold:   70         SH:  4    Dex: 18    Spells: 11/16 levels left

rFire   . . .        a - +1 dagger
rCold   . . .        (no shield)
rNeg    . . .        b - +0 robe
rPois   .            (helmet restricted)
rElec   .            (no cloak)
rCorr   .            (gloves unavailable)
SInv    +            (boots unavailable)
Will    +....        (no amulet) Stlth
                     (no ring)
HPRegen 0.33/turn    (no ring)
MPRegen 0.15/turn

%: no teleportation
@: berserking (expiring), very quick
A: very small, no large weapons, unfitting armour, see invisible, speed 3, large
bone plates 1, deformed body, noise suppression
a: Renounce Religion, Channel Magic, Forget Spell, Divine Exegesis


You were in the Dungeon.
You worshipped Sif Muna.
Sif Muna was extremely pleased with you.
You visited 1 branch You collected 70 gold pieces.

Inventory:

Hand Weapons
 a - a +1 dagger (weapon)
Armour
 b - a +0 robe (worn)
Wands
 k - a wand of charming (11)
Scrolls
 i - a scroll of blinking
Potions
 d - 2 potions of curing
 e - a potion of might
 f - a potion of haste
 g - a potion of magic
 l - a potion of ambrosia
 m - 3 potions of mutation
 o - 2 potions of flight
Miscellaneous
 h - a lightning rod (4/4)


   Skills:
 + Level 10.2 Fighting
 - Level 10.0 Short Blades
 - Level 15.0 Dodging
 + Level 15.4 Stealth
 - Level 4.0 Spellcasting
 - Level 5.0 Hexes
 + Level 1.9 Ice Magic
 + Level 5.6 Invocations


You had 11 spell levels left.
You knew the following spells:

 Your Spells              Type           Power      Damage    Failure   Level
a - Ensorcelled Hibernat  Hex/Ice        28%        N/A       6%          2
b - Confusing Touch       Hex            19%        N/A       6%          3

Your spell library contained the following spells:

 Spells                   Type           Power      Damage    Failure   Level
 Tukima's Dance           Hex            19%        N/A       6%          3
 Dazzling Flash           Conj/Hex       22%        N/A       19%         3
 Malign Gateway           Summ/Tloc      1%         N/A       100%        7
 Summon Horrible Things   Summ           1%         N/A       100%        8


Dungeon Overview and Level Annotations

Branches:
Dungeon (1/1)

Altars:
Cheibriados
Dithmenos
Elyvilon
Fedhas
Gozag
Hepliaklqana
Kikubaaqudgha
Makhleb
Nemelex Xobeh
Okawaru
Qazlal
Ru
Sif Muna
Trog
Uskayaw
Vehumet
Wu Jian
Xom
Yredelemnul
Zin
The Shining One
Jiyva
Lugonu


Innate Abilities, Weirdness & Mutations

You are very small and have problems with some larger weapons.
You are too small for most types of armour.
You have supernaturally acute eyesight. (SInv)
You cover ground extremely quickly. (Speed+++)
You are partially covered in large bone plates. (SH +4)
Armour fits poorly on your strangely shaped body.
You passively dampen the noise of your surroundings.


Message History

An orc comes into view. It is wielding a +0 dagger.
A red film seems to cover your vision as you go berserk!
You feel yourself moving faster!
You feel mighty!
The orc shouts!
You block the orc's attack. The orc misses you.
The orc priest calls upon Beogh to heal the orc priest.
The orc priest is healed somewhat.
You hit the orc.
You kill the orc!
Sif Muna accepts your kill.
You puncture the orc!
You kill the orc!
Sif Muna accepts your kill.
The orc throws a boomerang.
The boomerang misses you.
Unknown command.
You feel a strong urge to attack something.
The orc priest invokes the aid of Beogh against you.
Beogh smites you!
* * * LOW HITPOINT WARNING * * *
The orc closely misses you. The orc misses you.
Things that are here:
a +0 short sword; 842 gold pieces; an orc corpse You barely miss the orc.
The orc is moderately wounded.
You puncture the orc!
You kill the orc!
Sif Muna accepts your kill.
Sif Muna will now gift you books as you gain piety.
You see here a book of Maledictions.
Sif Muna grants you a gift!
You hit the orc.
The orc is severely wounded.
The orc hits you with a +0 mace.
* * * LOW HITPOINT WARNING * * *
You closely miss the orc.
The orc is severely wounded.
You completely miss the orc.
The orc is severely wounded.
The orc hits you with a +0 mace!
You die...

##..#___#___#__#####$
.#..#...#__)#._#.$..
.#..###'#'###'##..o
'#..#..........#o$
#.÷.'.⌠........#o#
#...#...######'#o#
....#.⌠.#__#...#'################
....#...#__#...#oo~~~'.#.'...'.#.
....#'###__#...#@#§~~#.#.#...##.#
....#.))#__#...).#§§.#.#.#)..#.#.
....#___#__'...#.#§§.#...#)).##.#
▓▓▓▓▓▓▓▓▓▓▓▓▓▓▓▓▓▓▓▓▓▓▓▓▓▓▓▓▓#.#.
* , ##.# +* +.#. , * ##.# , #+#


You could see 2 orc priests and 3 orcs.

Vanquished Creatures
  Erica (D)
  A centaur warrior (D)
  A deep elf pyromancer (D)
  An unseen horror (D)
  A shadow (D)
  A spatial vortex (D)
  An orc warrior (D)
  2 centaurs (D)
  An earth elemental (D)
  A necrophage (D)
  A water elemental (D)
  A jelly (D)
  3 orc priests (D)
  Jessica (D)
  2 orc wizards (D)
  A wizard (D)
  A necromancer (D)
  A kobold demonologist (D)
  3 humans (D)
  A phantom (D)
  4 orcs (D)
  2 endoplasms (D)
  A rat (D)
33 creatures vanquished.

Notes
Turn   | Place    | Note
-------+----------+-------------------------------------------
     0 | D        | fozzywoppz the Spriggan Enchanter began the quest for the
                  | Orb.
     0 | D        | Reached XP level 1. HP: 9/9 MP: 5/5
    27 | D        | Noticed Jessica
    51 | D        | Killed Jessica
    52 | D        | Reached XP level 2. HP: 13/13 MP: 6/8
    52 | D        | Reached XP level 3. HP: 16/16 MP: 6/9
    58 | D        | Learned a level 2 spell: Ensorcelled Hibernation
    84 | D        | Reached skill level 5 in Dodging
    84 | D        | Reached skill level 5 in Hexes
   149 | D        | Learned a level 3 spell: Confusing Touch
   168 | D        | Gained mutation: You have a somewhat thin skeletal
                  | structure. (Dex +2, Stealth+) [potion of mutation]
   168 | D        | Gained mutation: You are weak. (Str -2) [potion of
                  | mutation]
   168 | D        | Gained mutation: You passively map a small area around you.
                  | [potion of mutation]
   169 | D        | Lost mutation: You passively map a small area around you.
                  | [potion of mutation]
   169 | D        | Lost mutation: You are weak. (Str -2) [potion of mutation]
   169 | D        | Lost mutation: You have a somewhat thin skeletal structure.
                  | (Dex +2, Stealth+) [potion of mutation]
   169 | D        | Gained mutation: You are partially covered in large bone
                  | plates. (SH +4) [potion of mutation]
   169 | D        | Gained mutation: Armour fits poorly on your strangely
                  | shaped body. [potion of mutation]
   169 | D        | Gained mutation: You passively dampen the noise of your
                  | surroundings. [potion of mutation]
   175 | D        | Noticed a water elemental
   178 | D        | Killed a water elemental
   179 | D        | Reached skill level 5 in Short Blades
   179 | D        | Reached XP level 4. HP: 23/23 MP: 9/11
   182 | D        | Found a radiant altar of Vehumet.
   183 | D        | Found a shimmering blue altar of Sif Muna.
   183 | D        | Found an ancient bone altar of Kikubaaqudgha.
   183 | D        | Noticed a wizard
   184 | D        | Killed a wizard
   187 | D        | Reached XP level 5. HP: 28/28 MP: 10/12
   193 | D        | Found a glowing silver altar of Zin.
   193 | D        | Found a glowing golden altar of the Shining One.
   193 | D        | Found a white marble altar of Elyvilon.
   194 | D        | Noticed a deep elf pyromancer
   195 | D        | Noticed a fire elemental
   195 | D        | Noticed a fire elemental
   239 | D        | Killed a deep elf pyromancer
   240 | D        | Reached skill level 5 in Fighting
   240 | D        | Reached skill level 10 in Dodging
   240 | D        | Reached XP level 6. HP: 15/35 MP: 13/13
   240 | D        | Reached XP level 7. HP: 16/39 MP: 14/14
   325 | D        | Found a hide-covered altar of Uskayaw.
   325 | D        | Found an iron altar of Okawaru.
   325 | D        | Found a bloodstained altar of Trog.
   325 | D        | Found an ornate altar of the Wu Jian Council.
   325 | D        | Noticed a human
   325 | D        | Noticed a human
   329 | D        | Killed a human
   331 | D        | Killed a human
   349 | D        | Became a worshipper of Sif Muna the Loreminder
   360 | D        | Found a basalt altar of Yredelemnul.
   360 | D        | Found a shadowy altar of Dithmenos.
   360 | D        | Found a sacrificial altar of Ru.
   373 | D        | Noticed a shadow
   379 | D        | Killed a shadow
   379 | D        | Reached * piety under Sif Muna
   380 | D        | Reached XP level 8. HP: 45/45 MP: 11/15
   388 | D        | Found a blossoming altar of Fedhas.
   388 | D        | Found a stormy altar of Qazlal.
   389 | D        | Found a snail-covered altar of Cheibriados.
   389 | D        | Found a burning altar of Makhleb.
   389 | D        | Found a hazy altar of Hepliaklqana.
   389 | D        | Found a shimmering altar of Xom.
   389 | D        | Found an opulent altar of Gozag.
   389 | D        | Found a sparkling altar of Nemelex Xobeh.
   389 | D        | Found a corrupted altar of Lugonu.
   389 | D        | Found a viscous altar of Jiyva.
   448 | D        | Reached skill level 10 in Short Blades
   495 | D        | Noticed Erica
   498 | D        | Killed Erica
   498 | D        | Reached ** piety under Sif Muna
   499 | D        | Reached skill level 15 in Stealth
   773 | D        | Noticed a centaur warrior
   776 | D        | Reached XP level 9. HP: 52/52 MP: 16/16
   777 | D        | Killed a centaur warrior
   778 | D        | Reached skill level 15 in Dodging
   778 | D        | Reached skill level 5 in Invocations
   778 | D        | Reached *** piety under Sif Muna
   794 | D        | Noticed an unseen horror
   800 | D        | Killed an unseen horror
   801 | D        | Reached skill level 10 in Fighting
   801 | D        | Reached skill level 1 in Ice Magic
   875 | D        | Reached **** piety under Sif Muna
   929 | D        | Reached ***** piety under Sif Muna
   929 | D        | Received a gift from Sif Muna
   930 | D        | HP: 1/81 [orc/+0 mace (6)]
   932 | D        | Mangled by an orc

Illustrated notes

Levels and vault maps discovered:
D:        dungeon_sprint_mu [sprint_mu_entry_cave, sprint_mu_temple_rooms,
          sprint_mu_d1_horrors, sprint_mu_d2_genie, sprint_mu_d3_branching,
          sprint_mu_orc_legion, sprint_mu_elf_gauntlet, sprint_mu_hive_nellie,
          sprint_mu_lair_fedhas, sprint_mu_vaults_butterflies,
          sprint_mu_slime_circle, sprint_mu_swamp_cave, sprint_mu_shoals_kraken,
          sprint_mu_blade_basic, sprint_mu_crypt_fortress,
          sprint_mu_tomb_spiral, sprint_mu_vestibule_basic,
          sprint_mu_gehenna_hellfire, sprint_mu_dis_giant,
          sprint_mu_tartarus_statrot, sprint_mu_cocytus_islands, sprint_mu_zot1]

Skill      XL: |  1  2  3  4  5  6  7  8  9 |
---------------+----------------------------+-----
Dodging        | 4 6 7 10 11 13 15 | 15.0
Spellcasting   | 4 |  4.0
Hexes          | 4 5 |  5.0
Short Blades   | 3 5 8 9 10 | 10.0
Stealth        | 6 8 9 12 14 15 | 15.4
Fighting       | 2 5 6 8 10 | 10.2
Invocations    | 4 5 |  5.6
Ice Magic      | 1 |  1.9

Action                     |  1- 3 |  4- 6 |  7- 9 || total
---------------------------+-------+-------+-------++-------
  Melee: Dagger            |    15 |    27 |   215 ||   257
         Punch             |       |     1 |     3 ||     4
   Cast: Confusing Touch   |     1 |     1 |     8 ||    10
         Ensorcelled Hiber |       |       |    13 ||    13
    Use: Potion            |     3 |     3 |     2 ||     8
         Scroll            |       |       |     5 ||     5
   Stab: Sleeping          |     5 |     2 |    14 ||    21
         Confused          |     1 |       |     5 ||     6
         Invisible         |       |     2 |       ||     2
  Dodge: Dodged            |     7 |    16 |    57 ||    80
  Block: Other             |       |     2 |     9 ||    11

Table legend: (Time is in decaauts)
 A = Elapsed time spent in this place.
 B = Non-inter-level travel time spent in this place.
 C = Inter-level travel time spent in this place.
 D = Time resting spent in this place.
 E = Time spent auto-exploring this place.
 F = Levels seen in this place.
 G = Mean time per level.
                   A        B        C        D        E       F      G
               +--------+--------+--------+--------+--------+-----+--------+
         Total |    700 |    700 |      0 |    279 |      0 |   1 |  700.0 |
       Dungeon |    700 |    700 |      0 |    279 |      0 |   1 |  700.0 |
               +--------+--------+--------+--------+--------+-----+--------+

Top non-repeatable levels by time:
       D: 700 daAuts
